[Event "Early-Titled-Tuesday-Blitz-May-07-2024"]
[Site "Chess.com"]
[Date "2024.05.07"]
[Round "11"]
[White "Gryffindorac8"]
[Black "EvgenyBurmakin"]
[Result "1-0"]
[WhiteElo "2509"]
[BlackElo "2343"]
[TimeControl "180+1"]
[EndTime "10:15:11 PDT"]
[Termination "Gryffindorac8 won by resignation"]

1. d4 Nf6 2. c4 e6 3. Nf3 b6 4. g3 Ba6 5. Qc2 Bb7 6. Bg2 c5 7. d5 d6 8. Nc3 e5 9. O-O Be7 10. e4 O-O 11. Ne1 a6 12. a4 Nbd7 13.
Nd3 Ne8 14. f4 g6 15. fxe5 Nxe5 16. Nxe5 dxe5 17. Bh6 Ng7 18. Rad1 Bd6 19. Rf2 Qe7 20. Rdf1 f6 21. Bh3 Bc8 22. Bxc8 Raxc8 23. Rf3 Rf7 24.
Qf2 Rcf8 25. Kg2 Qd8 26. b3 Be7 27. Qe2 Qd7 28. a5 bxa5 29. Na4 Rb8 30. Qd2 Rb4 31. Qc2 Qc7 32. Bd2 Rb8 33. Qc3 Bd8 34. Be3 Be7 35. Qc2 Ne8 36. Bg1 Kg7 37. Rd3 Rb4 38. Be3 Bd6 39.
Qf2 Qc8 40. Bxc5 Bxc5 41. Qxc5 Qxc5 42. Nxc5 Ra7 43. Ra1 Nd6 44. Rxa5 Rc7 45. Ne6+ Kf7 46. Nxc7 Nxe4 47. Rxa6 Nc5 48. Rd1 Nxa6 49. Nxa6 Rxb3 50. d6 Ke8 51. d7+ Kd8 52. Nc5 Rb2+ 53. Kg1 1-0

[Event "Early-Titled-Tuesday-Blitz-May-07-2024"]
[Site "Chess.com"]
[Date "2024.05.07"]
[Round "11"]
[White "KuzubovYuriy"]
[Black "vaishali2001"]
[Result "1-0"]
[WhiteElo "2950"]
[BlackElo "2694"]
[TimeControl "180+1"]
[EndTime "10:15:12 PDT"]
[Termination "KuzubovYuriy won by resignation"]

1. d4 Nf6 2. c4 g6 3. Nc3 Bg7 4. e4 d6 5. Nge2 O-O 6. Ng3 h5 7. Bg5 c5 8. d5 Nbd7 9. Bd3 a6 10. a4 Ne5 11. Be2 Nh7 12. Be3 e6 13. h3 h4 14. Nf1 f5 15. Qd2 g5 16. f4 Ng6 17.
dxe6 Bxe6 18. exf5 Bxf5 19. fxg5 Kh8 20. Nh2 b5 21.
axb5 axb5 22. Rxa8 Qxa8 23. O-O b4 24. Nd5 Qa2 25.
Bd3 Bxd3 26. Qxd3 Rxf1+ 27. Nxf1 Nhf8 28. b3 Qb2 29. Qd1 Kg8 30. Bf2 Qe5 31. Nh2 Qxg5 32. Nf3 Qf4 33. Qe2 Qc1+ 34. Kh2 Qf4+ 35. Kg1 Qc1+ 36.
Be1 Qh6 37. Bd2 Qh5 38. Qe4 Kh8 39. Nf4 Nxf4 40. Bxf4 Qg6 41. Qxg6 Nxg6 42. Bxd6 Nf8 43. Bxc5 Ne6 44. Bxb4 Bf6 45. Kf2 Kg8 46. Ke3 Kf7 47.
Ke4 Ke8 48. Ba3 Kd7 49. b4 Be7 50. c5 Kc6 51. Nd4+ Nxd4 52. Kxd4 Bf6+ 53. Kc4 Be5 54. b5+ Kb7 55. c6+ Kb6 56. Bc5+ Ka5 57. Bd4 Bc7 58.
Bf6 1-0

[Event "Early-Titled-Tuesday-Blitz-May-07-2024"]
[Site "Chess.com"]
[Date "2024.05.07"]
[Round "11"]
[White "Nitzan_Steinberg"]
[Black "Msb2"]
[Result "0-1"]
[WhiteElo "2947"]
[BlackElo "3046"]
[TimeControl "180+1"]
[EndTime "10:15:13 PDT"]
[Termination "Msb2 won by resignation"]

1. e4 e6 2. d4 d5 3. Nd2 c5 4. Ngf3 cxd4 5. Nxd4 Nf6 6. exd5 Nxd5 7. N2f3 a6 8. c3 Bd6 9. Bd3 h6 10. O-O O-O 11. Bc2 Qc7 12. Qe2 Nf6 13. h3 Re8 14. Be3 b6 15. Qd2 Nbd7 16. Rad1 Bb7 17. Rfe1 Nc5 18.
Nb5 axb5 19. Qxd6 Qxd6 20. Rxd6 Bxf3 21. gxf3 Rxa2 22. Re2 Rb8 23. Kg2 Na4 24. Bc1 Ra1 25. Re1 Nd5 26. Kg3 Rc8 27. Bd3 b4 28. c4 Ne7 29.
Kf4 Nc5 30. Bf1 Nb3 31. Bd2 Rxe1 32. Bxe1 Na5 33. Rxb6 Nxc4 34. Rxb4 Nd5+ 35. Kg3 Nxb4 36. Bxb4 Nxb2 37. Bd2 Nc4 38. Bc1 Nd6 39. Be3 Nf5+ 40.
Kg2 Nxe3+ 41. fxe3 Rc2+ 42. Kg3 Rb2 43. e4 e5 44. h4 h5 45. Bc4 g6 46. Bd5 Kg7 47. Bc4 Kf6 48. Bd5 Rc2 49. Bb3 Rc7 50. Bd5 Ke7 51. Bb3 Kd6 52. Ba4 Kc5 53. Bb3 Kd4 54. Bd5 Ke3 55. Bb3 f5 0-1

[Event "Early-Titled-Tuesday-Blitz-May-07-2024"]
[Site "Chess.com"]
[Date "2024.05.07"]
[Round "11"]
[White "klercaku"]
[Black "Guldona_2007"]
[Result "0-1"]
[WhiteElo "2251"]
[BlackElo "2191"]
[TimeControl "180+1"]
[EndTime "10:15:13 PDT"]
[Termination "Guldona_2007 won by checkmate"]

1. e4 c5 2. Nf3 d6 3. d4 cxd4 4. Nxd4 Nf6 5. Nc3 Nc6 6. Be2 e5 7. Nb3 Be6 8. Be3 d5 9. exd5 Nxd5 10. Nxd5 Bxd5 11. O-O Be7 12. Bf3 Bxf3 13. Qxf3 Qc7 14. Rad1 O-O 15. c3 Rad8 16. Nc5 Bxc5 17. Bxc5 Rxd1 18.
Rxd1 Rd8 19. Rxd8+ Qxd8 20. Be3 e4 21. Qe2 Qd5 22.
b3 Qe5 23. Qd2 f5 24. h3 Qe6 25. Bf4 a6 26. Bc7 h6 27. Bd6 Qd7 28. Qd5+ Kh7 29.
c4 Kg6 30. c5 Qf7 31. Qd2 Qe6 32. h4 Ne5 33. Qb4 Ng4 34. Bf4 Qd5 35. Qb6+ Kh7 36. Qd6 Qxd6 37. Bxd6 Nf6 38. Kf1 Nd5 39. Ke1 a5 40.
Kd2 Kg8 41. f3 g6 42. Be5 Kf7 43. fxe4 fxe4 44. g4 h5 45. gxh5 gxh5 46. Bd4 Ke6 47. Bf2 Ke5 48. a3 Kf4 49. Ke2 e3 50. Be1 Ke4 51.
b4 axb4 52. axb4 Nf4+ 53. Kd1 Kd3 54. Bg3 e2+ 55. Ke1 Ng2+ 56. Kf2 e1=Q+ 57. Kxg2 Qe2+ 58. Kh3 Qf3 59. Kh2 Kc4 60. Kh3 Kxb4 61. Kh2 Kxc5 62. Kh3 Qg4+ 63. Kh2 Kd5 64. Kh1 Ke4 65. Kh2 Kf3 66. Be1 Qg2# 0-1

[Event "Early-Titled-Tuesday-Blitz-May-07-2024"]
[Site "Chess.com"]
[Date "2024.05.07"]
[Round "11"]
[White "rhwr"]
[Black "SaiHanThiha"]
[Result "0-1"]
[WhiteElo "2300"]
[BlackElo "2459"]
[TimeControl "180+1"]
[EndTime "10:15:15 PDT"]
[Termination "SaiHanThiha won on time"]

1. e4 d6 2. Nc3 Nf6 3. d4 e5 4. dxe5 dxe5 5. Qxd8+ Kxd8 6. Bg5 Be6 7. O-O-O+ Nd7 8.
Nf3 Kc8 9. h3 Bd6 10. a3 a6 11.
Be2 b5 12. Rhe1 Nc5 13. Bxf6 gxf6 14. Nh4 Rd8 15. Nf5 Bf8 16. Bf3 c6 17. b4 Nd7 18.
Kb2 Nb6 19. Be2 a5 20. Rxd8+ Kxd8 21. Rd1+ Kc7 22. bxa5 Rxa5 23. Nb1 Na4+ 24. Kc1 Ba2 25. Rd3 Nc5 26. Re3 Ra4 27. Nc3 Rxa3 28. Kb2 Na4+ 29.
Nxa4 Rxa4 30. Rg3 Be6 31. Rg8 Ra2+ 32. Kc1 Bb4 33. Bd3 Bc3 34. Kd1 b4 35. Ne3 b3 36.
cxb3 Rd2+ 37. Kc1 Rxd3 38. Kc2 Rxe3 39. fxe3 Bb4 40. Rg7 Bc5 41. Rxh7 Bxe3 42. g4 Kd6 43. Rh8 Kc5 44. Kc3 Bd4+ 45. Kc2 Kb4 46. Rb8+ Kc5 47. b4+ Kc4 48. Rb7 Bf2 49. Kd2 Bh4 50. Ke2 Kd4 51. Kf3 Bb3 0-1

[Event "Early-Titled-Tuesday-Blitz-May-07-2024"]
[Site "Chess.com"]
[Date "2024.05.07"]
[Round "11"]
[White "tptagain"]
[Black "Rodalquilar"]
[Result "0-1"]
[WhiteElo "2913"]
[BlackElo "2768"]
[TimeControl "180+1"]
[EndTime "10:15:16 PDT"]
[Termination "Rodalquilar won on time"]

1. e4 d5 2. exd5 Qxd5 3. Nc3 Qa5 4. Bc4 Nf6 5. d3 Bg4 6. f3 Bd7 7. Qe2 e6 8. Bd2 Qb6 9. O-O-O Nc6 10. g4 Nd4 11.
Qg2 Bc6 12. g5 Nd7 13. Bb3 a5 14. Ba4 Bxa4 15. Nxa4 Qc6 16. Nc3 b5 17. Be3 Nf5 18. Bf2 b4 19. Ne4 b3 20. axb3 a4 21. f4 Kd8 22. Qf3 axb3 23. Nc3 Ra1+ 24. Kd2 Rxd1+ 25. Kxd1 Qa6 26. cxb3 Bc5 27. Nge2 Bxf2 28. Qxf2 Qxd3+ 29. Kc1 Ne3 30. Nd4 Qxd4 31. Re1 Nf5 32. Qf3 Ke7 33. Nd5+ Kf8 34. Rd1 Qc5+ 35. Nc3 Ke7 36. Kb1 Rb8 37.
Qd3 Qc6 38. Re1 g6 39. b4 Nb6 40. Ne4 Nd5 41. Qa3 Qb5 42. Nc3 Nxc3+ 43. Qxc3 Qxb4 44. Qf6+ Kd7 45. Rd1+ Nd6 46. Qxf7+ Kc6 47. Qf6 Qe4+ 48.
Kc1 Qc4+ 49. Kb1 Qe4+ 50. Kc1 Rb5 51. b3 Rc5+ 52. Kb2 Qe2+ 53. Ka3 Qxd1 0-1

[Event "Early-Titled-Tuesday-Blitz-May-07-2024"]
[Site "Chess.com"]
[Date "2024.05.07"]
[Round "11"]
[White "baki83"]
[Black "IlanSchnaider"]
[Result "1-0"]
[WhiteElo "2919"]
[BlackElo "2730"]
[TimeControl "180+1"]
[EndTime "10:15:16 PDT"]
[Termination "baki83 won by checkmate"]

1. e4 c5 2. Nf3 d6 3. Bb5+ Bd7 4. Bxd7+ Qxd7 5. O-O Nf6 6. Re1 Nc6 7. c3 e6 8. d4 cxd4 9. cxd4 d5 10. e5 Ne4 11.
Nbd2 Nxd2 12. Bxd2 Bb4 13. a3 Bxd2 14. Qxd2 O-O 15. Rac1 Rfc8 16. Rc3 Ne7 17. Rec1 Rxc3 18. Rxc3 Rc8 19. Qc1 Rxc3 20. Qxc3 Qc6 21. Qxc6 Nxc6 22. Kf1 Kf8 23. Ke2 Ke7 24. Kd2 f6 25. exf6+ gxf6 26. Ke3 Na5 27. Nd2 b5 28. b3 Kd6 29. f4 Nc6 30. Nf3 Na5 31. Nd2 Nc6 32. g4 h6 33.
h4 a5 34. Nf3 a4 35. b4 Ke7 36.
g5 fxg5 37. fxg5 hxg5 38. hxg5 Kf7 39. Kf4 Kg7 40. Kg4 Kg6 41. Kf4 Kg7 42. Kg3 Kf7 43. Kh4 Kg6 44. Kg4 Kg7 45. Kh5 Ne7 46. Ne5 Nf5 47. Nc6 Ng3+ 48. Kg4 Ne4 49. Nd8 Nd6 50.
Nxe6+ Kf7 51. Nc7 Kg6 52. Kf4 Kg7 53. Kf3 Kg6 54. Kg4 Nc4 55. Nxb5 Ne3+ 56. Kf4 Nc2 57. Kg4 Ne3+ 58. Kf3 Nc2 59. Kf4 Na1 60. Nc3 Nc2 61. b5 Nxa3 62. b6 Nb5 63. b7 a3 64.
b8=Q Nxc3 65. Qd6+ Kh5 66. Qh6# 1-0

[Event "Early-Titled-Tuesday-Blitz-May-07-2024"]
[Site "Chess.com"]
[Date "2024.05.07"]
[Round "11"]
[White "IwkooO"]
[Black "Iball95"]
[Result "1/2-1/2"]
[WhiteElo "2723"]
[BlackElo "2909"]
[TimeControl "180+1"]
[EndTime "10:15:16 PDT"]
[Termination "Game drawn by repetition"]

1. e4 c5 2. Nf3 e6 3. b3 Nc6 4. Bb2 a6 5. Be2 d5 6. exd5 exd5 7. O-O Nf6 8. d4 Be7 9. dxc5 Bxc5 10. Nd4 O-O 11. Bf3 Re8 12. Nxc6 bxc6 13. Nc3 Bf5 14. Ne2 Ne4 15. Nd4 Bd7 16. Re1 Qg5 17. c4 Rad8 18.
cxd5 cxd5 19. Rc1 Bb4 20. Re2 h5 21. Qd3 Nd2 22. a3 Ba5 23. b4 Nc4 24. bxa5 Nxb2 25. Qd2 Qxd2 26. Rxd2 Nc4 27. Rd3 Nxa5 28. Bxd5 Ba4 29. Nf3 Bb5 30. Rd2 Kf8 31. h3 Rd6 32. Rc7 Re7 33. Rxe7 Kxe7 34. Ba2 Nc4 35. Re2+ Kf6 36.
Bxc4 Bxc4 37. Re3 Rd3 38. Re4 Bb5 39. Rf4+ Ke7 40. a4 Bc6 41. Rxf7+ Kxf7 42. Ne5+ Ke6 43. Nxd3 Bxa4 44. Nc5+ Kd5 45. Nxa4 Kc4 46. f4 Kb4 47. Nb6 Kb5 48. Nd5 a5 49. Kf2 Kc4 50. Nb6+ Kb5 51.
Nd5 Kc4 52. Nb6+ Kb5 53. Nd5 1/2-1/2

[Event "Early-Titled-Tuesday-Blitz-May-07-2024"]
[Site "Chess.com"]
[Date "2024.05.07"]
[Round "11"]
[White "TrompeterImEther"]
[Black "ccccvhhhj"]
[Result "1-0"]
[WhiteElo "2600"]
[BlackElo "2493"]
[TimeControl "180+1"]
[EndTime "10:15:16 PDT"]
[Termination "TrompeterImEther won on time"]

1. e4 e6 2. d4 d5 3. Nc3 Bb4 4. e5 c5 5. a3 Bxc3+ 6. bxc3 Ne7 7. h4 Nbc6 8. h5 h6 9. Rb1 Qc7 10. Qg4 Kf8 11. Rh3 Qa5 12. Qf4 cxd4 13. Rf3 Nd8 14. Rb5 Qa4 15. cxd4 Qxc2 16. Bd3 Qc7 17. Ne2 Bd7 18. Rb1 Rc8 19. Bd2 Bc6 20. Bb4 Kg8 21. Qh4 Nf5 22. Bxf5 exf5 23. Rc1 Ne6 24. Rxf5 Kh7 25.
Qg4 Rhe8 26. Kf1 Qd7 27. Kg1 Bb5 28. Nc3 Bd3 29. Rf3 Be4 30. Re3 Rc7 31. f3 Nxd4 32.
Qxd7 Rxd7 33. fxe4 Nb3 34. Rb1 d4 35. Rd3 a5 36.
Rxb3 axb4 37. Rxb4 Rc8 38. Nd5 Rc1+ 39. Kh2 Re1 40.
Rbxd4 Kg8 41. Nf6+ gxf6 42. Rxd7 fxe5 43. Rxb7 Rxe4 44.
Rg3+ Kf8 45. Rb8+ Ke7 46. Rh8 Rh4+ 47. Kg1 Rxh5 48. a4 Rh4 49. Ra3 Rb4 50. a5 Rb7 51. a6 Ra7 52. Rb8 Ke6 53. Rb7 Ra8 54. a7 f5 55. Rb8 Rxa7 56. Rxa7 f4 57. Rb6+ Kf5 58. Ra5 1-0

[Event "Early-Titled-Tuesday-Blitz-May-07-2024"]
[Site "Chess.com"]
[Date "2024.05.07"]
[Round "11"]
[White "LeoWin2012"]
[Black "subham777"]
[Result "1/2-1/2"]
[WhiteElo "2335"]
[BlackElo "2465"]
[TimeControl "180+1"]
[EndTime "10:15:19 PDT"]
[Termination "Game drawn by repetition"]

1. b3 d5 2. Bb2 Nf6 3. Nf3 e6 4. e3 Be7 5. Be2 O-O 6. O-O b6 7. c4 Bb7 8. d3 c5 9. Nbd2 Nc6 10. Qc2 Rc8 11. Rfd1 Qd7 12. Rac1 Rfd8 13. Qb1 h6 14. Ne5 Nxe5 15. Bxe5 d4 16. exd4 cxd4 17. Bf3 Bxf3 18. Nxf3 Ng4 19. Bxd4 Bc5 20. Bxc5 bxc5 21. d4 Qc7 22. d5 exd5 23. cxd5 Nf6 24. Qf5 Rd6 25. Ne5 Rcd8 26. Ng4 Nxg4 27. Qxg4 Rxd5 28. Rxd5 Rxd5 29. g3 Qe5 30. Rd1 Rxd1+ 31. Qxd1 g6 32. Qc2 h5 33. h4 Qe1+ 34. Kg2 Qe5 35. Kg1 Kg7 36. Qc4 Qa1+ 37. Kg2 Qxa2 38. Qxc5 Qxb3 39. Qxa7 Qd5+ 40. Kg1 Qe4 41.
Qa1+ Kh7 42. Qf6 Qb7 43. Kh2 Qa7 44. Kg2 Qb7+ 45. Kh2 Qa7 46. Qf4 Kg8 47. Kg2 Kg7 48. Qe5+ f6 49. Qe4 Qf7 50. Qc6 Qe7 51. Kh2 g5 52. hxg5 fxg5 53. Qd5 Qf6 54. Kg2 Kh6 55. Qd2 Qc6+ 56. Kh2 Qf6 57. Qe3 Qf5 58. Kg2 Kg7 59. Qe7+ Kg6 60. Qe8+ Qf7 61. Qe4+ Kh6 62. Qe5 g4 63.
Qe3+ Kg6 64. Qb6+ Qf6 65. Qb1+ Kf7 66. Qb7+ Kg6 67. Qe4+ Qf5 68. Qc6+ Kg5 69. Qc1+ Kf6 70. Qc6+ Qe6 71. Qc3+ Qe5 72. Qd3 Ke6 73. Qg6+ Kd5 74.
Qd3+ Qd4 75. Qf5+ Qe5 76. Qd3+ Ke6 77. Qg6+ Ke7 78. Qh7+ Kd6 79. Qg6+ Kc5 80. Qc2+ Kb6 81. Qb3+ Kc7 82. Qc4+ Kd6 83. Kh2 Qf5 84. Qd4+ Ke6 85.
Qe3+ Kf7 86. Kg2 Kg6 87. Qb6+ Qf6 88. Qb1+ Qf5 89. Qb6+ Qf6 1/2-1/2

[Event "Early-Titled-Tuesday-Blitz-May-07-2024"]
[Site "Chess.com"]
[Date "2024.05.07"]
[Round "11"]
[White "mapleaff"]
[Black "mortngabriel"]
[Result "1-0"]
[WhiteElo "2308"]
[BlackElo "2490"]
[TimeControl "180+1"]
[EndTime "10:15:21 PDT"]
[Termination "mapleaff won by resignation"]

1. e4 c5 2. Nf3 Nc6 3. Bb5 Nf6 4.
Nc3 Qc7 5. O-O Nd4 6. Bc4 e6 7. b3 a6 8. a4 Ng4 9. g3 Nxf3+ 10. Qxf3 Ne5 11. Qe2 b6 12. Bb2 Bb7 13. Nd5 exd5 14. exd5 d6 15. f4 f6 16. d4 cxd4 17. Bxd4 Be7 18.
fxe5 dxe5 19. Bf2 Bd6 20. Qg4 O-O 21. Rad1 Bc8 22. Qe2 Bb7 23. Qg4 Rae8 24. Qe2 a5 25. Bb5 Re7 26. c4 f5 27. Be3 f4 28. Bf2 e4 29. gxf4 Bxf4 30. Bd4 Rf5 31. Kh1 Rh5 32.
Qxh5 g6 33. Qh4 Rf7 34. d6 Qxd6 35. Be3 g5 36. Rxd6 gxh4 37. Rd8+ Kg7 38. Rxf4 Rxf4 39. Bxf4 e3+ 40. Kg1 e2 41. Kf2 Kf6 42. Rd7 Kf5 43.
Bd2 Kg4 44. Be1 Kh3 45. Rxb7 Kxh2 46. Rxh7 h3 47. Rxh3+ Kxh3 48. Kxe2 Kg4 49. Bf2 Kf5 50. Bxb6 Ke6 51. Bxa5 Kd6 52. Bb6 Ke7 53. a5 Ke6 54. a6 Ke5 55. a7 Kf4 56. a8=Q Kg3 57. Qf8 Kh2 58. Qg7 Kh1 59. Kf3 1-0

[Event "Early-Titled-Tuesday-Blitz-May-07-2024"]
[Site "Chess.com"]
[Date "2024.05.07"]
[Round "11"]
[White "secretsuperstar7"]
[Black "giovannibrandao7"]
[Result "0-1"]
[WhiteElo "2447"]
[BlackElo "2328"]
[TimeControl "180+1"]
[EndTime "10:15:21 PDT"]
[Termination "giovannibrandao7 won on time"]

1. c4 Nf6 2. Nc3 g6 3. g3 Bg7 4. Bg2 c5 5. d3 O-O 6. Nf3 Nc6 7. O-O d5 8. cxd5 Nxd5 9. Bd2 Bg4 10. Rc1 e6 11.
Nxd5 exd5 12. Rxc5 Bxb2 13. Qb3 Bxf3 14. Bxf3 Qf6 15.
Qxb7 Nd4 16. Qxd5 Rfd8 17. Qe4 Re8 18. Qf4 Nxe2+ 19. Bxe2 Rxe2 20. Qxf6 Bxf6 21. Rc2 Rd8 22. Rd1 Rxd3 23. Rc8+ Kg7 24. Bh6+ Kxh6 25. Rxd3 Rxa2 26. Rf3 Kg7 27. Rc6 Be7 28. Re3 Bd8 29. Rf3 f5 30. Rd6 Bb6 31. Rd7+ Kh6 32. Rf4 a5 33. Rb7 Bc5 34.
Kf1 a4 35. Rh4+ Kg5 36. f4+ Kf6 37. Rhxh7 a3 38. Rbc7 Bd6 39. Rc6 Ra1+ 40. Ke2 Ke6 41. Ra7 Kd5 42. Rc2 Bb4 43. Kd3 Rd1+ 44. Ke2 Re1+ 45.
Kd3 Rd1+ 46. Ke2 Re1+ 47. Kf2 Re4 48. Ra6 Kd4 49. Ra4 Kd3 50. Rc1 Kd2 51. Rc7 Bc5+ 52.
Rxc5 Rxa4 53. Rd5+ Kc2 54. Rc5+ Kb3 55. Rc1 a2 56. Ra1 Kb2 0-1

[Event "Early-Titled-Tuesday-Blitz-May-07-2024"]
[Site "Chess.com"]
[Date "2024.05.07"]
[Round "11"]
[White "masterofpuppets2"]
[Black "littlepinkyboy"]
[Result "0-1"]
[WhiteElo "2472"]
[BlackElo "2646"]
[TimeControl "180+1"]
[EndTime "10:15:22 PDT"]
[Termination "littlepinkyboy won by resignation"]

1. d4 d5 2. c4 c6 3. Nf3 Nf6 4. Nc3 dxc4 5. a4 e6 6. g3 Nbd7 7. Bg2 Bd6 8. O-O O-O 9. Nd2 e5 10. Nxc4 Bc7 11. d5 cxd5 12. Nxd5 Nxd5 13. Qxd5 Nf6 14.
Qc5 b6 15. Qa3 Rb8 16. Bg5 Re8 17. Rfd1 Qe7 18. Qxe7 Rxe7 19. Nd6 Bg4 20. Kf1 Re6 21. Nb5 Bd8 22. Nxa7 h6 23. Be3 e4 24. Rd4 Bc7 25. Rc1 Be5 26. Rd2 Ra8 27. h3 Rxa7 28.
hxg4 Rxa4 29. g5 Ng4 30. gxh6 Nxe3+ 31. fxe3 Rxh6 32. Rc8+ Kh7 33. Rd1 Bxg3 34. Re8 Rf6+ 35. Kg1 Bf2+ 36. Kh2 Rh6+ 37. Bh3 Bxe3 38. Re7 Bf4+ 39.
Kg2 f6 40. Rdd7 Rg6+ 41. Kf2 Kh6 42. Bf5 Bg3+ 43. Ke3 Rg5 44. Bxe4 Be5 45. Kf3 Rg3+ 46. Kf2 Rxe4 47. Rxe5 Rxe5 48. Kxg3 Rxe2 49. b4 Re4 50. b5 Re5 51. Rd5 Rxd5 0-1

[Event "Early-Titled-Tuesday-Blitz-May-07-2024"]
[Site "Chess.com"]
[Date "2024.05.07"]
[Round "11"]
[White "NikFil2013"]
[Black "biveklama"]
[Result "0-1"]
[WhiteElo "2415"]
[BlackElo "2540"]
[TimeControl "180+1"]
[EndTime "10:15:22 PDT"]
[Termination "biveklama won by resignation"]

1. d4 d5 2. c4 c6 3. cxd5 cxd5 4.
Bf4 Nf6 5. e3 Nc6 6. Nc3 Bf5 7.
Qb3 Na5 8. Qa4+ Bd7 9. Qc2 Rc8 10. Bd3 e6 11. Nf3 Nh5 12. Bg5 f6 13. Bxh7 Bb4 14.
O-O Kf8 15. Bh4 Nc4 16. Bg6 Nxb2 17. Qxb2 Bxc3 18. Qa3+ Qe7 19. Qxe7+ Kxe7 20. Rab1 Rh6 21. Bxh5 Rxh5 22. Rxb7 Ke8 23. Rc1 a5 24. Rb3 Bb4 25.
Rxc8+ Bxc8 26. a3 Be7 27. Rb8 Kd7 28. Ra8 Bxa3 29. Rxa5 Bf8 30. Ra7+ Ke8 31. Bg3 Bd7 32. Ra8+ Kf7 33. Ra7 Ke8 34. Nd2 e5 35. Nb3 Bd6 36.
Nc5 Bf5 37. Nb7 Bc7 38. Nc5 Bb6 39. Ra8+ Kf7 40. Rb8 Bxc5 41. dxc5 d4 42. exd4 exd4 43. c6 Be6 44. c7 Rc5 45. h3 d3 46. Rd8 Rc3 47. Kh2 g5 48. Bd6 Kg6 49. Bg3 Bf5 50.
Re8 Rc2 51. Rd8 Kf7 52. Rd6 Ke7 53. Rd8 Bd7 54. Bd6+ Kxd6 55. c8=Q Rxc8 0-1

[Event "Early-Titled-Tuesday-Blitz-May-07-2024"]
[Site "Chess.com"]
[Date "2024.05.07"]
[Round "11"]
[White "praveenb2002"]
[Black "SRob2003"]
[Result "1-0"]
[WhiteElo "2861"]
[BlackElo "2666"]
[TimeControl "180+1"]
[EndTime "10:15:23 PDT"]
[Termination "praveenb2002 won on time"]

1. c4 e5 2. g3 c6 3. Nf3 e4 4. Nd4 d5 5. cxd5 Qxd5 6. Nc2 Nf6 7. Nc3 Qe5 8. Bg2 Na6 9. O-O Be7 10. d3 exd3 11. exd3 O-O 12. Re1 Qc7 13. Bf4 Qd8 14.
d4 Be6 15. Ne3 Nc7 16. Qa4 h6 17. Rac1 Bd6 18. Be5 Re8 19. a3 Nfd5 20. Nexd5 Nxd5 21. Nxd5 cxd5 22. Qb5 Bxe5 23. Rxe5 Rc8 24. Rce1 Rf8 25. Bxd5 Bxd5 26. Rxd5 Qf6 27. Qd3 Rfd8 28. Rxd8+ Rxd8 29. Rd1 Rd5 30. Qe4 Qd6 31. Rc1 Qd7 32. Rd1 g6 33. b4 h5 34. Rd3 a6 35. Qf4 b5 36. Qf6 Rd6 37. Qe5 Rd5 38. Qb8+ Kh7 39. Qf4 Rf5 40. Qe3 Rd5 41. h4 Qf5 42. Kg2 Qd7 43. Qe4 Qd6 44. Rf3 Qd7 45. Rf4 Kg8 46. Qe3 Rd6 47.
Re4 Qc6 48. Kh2 Rf6 49. Re8+ Kg7 50. Re5 Qc2 51. Kg2 Qc6+ 52. d5 Qc4 53. Qe4 Qa2 54. Qe3 Qc2 55. Rg5 Qd1 56. Re5 Qc2 57. Re8 Qf5 58.
Qc5 Qf3+ 59. Kg1 Qd1+ 60. Kh2 Qf3 61. Qf8+ 1-0

[Event "Early-Titled-Tuesday-Blitz-May-07-2024"]
[Site "Chess.com"]
[Date "2024.05.07"]
[Round "11"]
[White "LoaySameer"]
[Black "BashirovKemal"]
[Result "0-1"]
[WhiteElo "2544"]
[BlackElo "2685"]
[TimeControl "180+1"]
[EndTime "10:15:23 PDT"]
[Termination "BashirovKemal won on time"]

1. Nf3 Nf6 2. g3 e6 3. Bg2 d5 4. O-O c5 5. d3 Nc6 6. Nbd2 Be7 7.
e4 O-O 8. Re1 b5 9. exd5 exd5 10. d4 c4 11. Nf1 Bf5 12. a4 b4 13. Ne5 Rc8 14. Ne3 Be6 15. N3xc4 Nxd4 16. Qxd4 dxc4 17.
Qxd8 Rfxd8 18. Nc6 Rd7 19. Bg5 Bc5 20. Rad1 Rxd1 21.
Rxd1 h6 22. Be3 Bf8 23. Bxa7 Bd7 24. a5 Bxc6 25. Bxc6 Rxc6 26. Bb6 Bd6 27. Kg2 Be5 28. Rd8+ Kh7 29. b3 cxb3 30. cxb3 Kg6 31. f4 Bd6 32. Kf3 Bc5 33. Rb8 Nd5 34. Bd8 Be7 35. Bxe7 Nxe7 36. Rxb4 Nd5 37. Rb5 Nc7 38. Rb6 Rxb6 39. axb6 Na6 40. b4 Kf5 41. Ke3 Ke6 42. Kd4 Kd6 43. b5 Nb8 44. Ke4 Nd7 45. b7 Nc5+ 46. Kd4 Nxb7 47. g4 Nd8 48. f5 Nb7 49. h4 Na5 50. g5 hxg5 51. hxg5 f6 52. gxf6 gxf6 53. Ke4 Kc5 54.
Kf4 Nc4 55. Kg4 Kd5 56. Kh5 Ke5 57. Kg6 Nb6 0-1

[Event "Early-Titled-Tuesday-Blitz-May-07-2024"]
[Site "Chess.com"]
[Date "2024.05.07"]
[Round "11"]
[White "Cheer_Down"]
[Black "ScofieldMichael01"]
[Result "1-0"]
[WhiteElo "2482"]
[BlackElo "2529"]
[TimeControl "180+1"]
[EndTime "10:15:26 PDT"]
[Termination "Cheer_Down won by checkmate"]

1. e4 e6 2. d4 d5 3. Nc3 Nf6 4.
e5 Nfd7 5. f4 c5 6. Nf3 Nc6 7.
Be3 Be7 8. Qd2 O-O 9. a3 a6 10. g3 b5 11. Bg2 Bb7 12. O-O cxd4 13. Nxd4 Nxd4 14. Bxd4 Nc5 15. b4 Nd7 16. Ne2 Qc7 17.
c3 Nb6 18. f5 Nc4 19. Qf4 exf5 20. Qxf5 Bc8 21. Qh5 g6 22. Qh6 Be6 23. Nf4 Nxe5 24.
Nxe6 fxe6 25. Qe3 Bd6 26. Rxf8+ Rxf8 27. Re1 Rf5 28. g4 Nc4 29. Qxe6+ Rf7 30. Bxd5 Bxh2+ 31. Kh1 Nd6 32. Rf1 Kf8 33. Rxf7+ Nxf7 34. Qxf7+ Qxf7 35. Bxf7 Kxf7 36. Kxh2 h5 37. g5 Ke6 38. Kg3 Kf5 39.
Bf6 Ke4 40. Be7 Kd3 41. Bf6 Ke4 42. Kf2 Kf4 43. Kg2 Ke4 44. Kg3 Ke3 45. Bd4+ Ke4 46. Bf2 Kf5 47. Be3 Ke4 48. Bc1 Kd3 49. Bf4 Kxc3 50.
Bc7 Kc4 51. Ba5 Kd5 52. Kf4 Kd4 53. Bb6+ Kd5 54. Ba7 Ke6 55. Ke4 h4 56. Bb8 h3 57.
Bc7 Kd7 58. Bg3 Ke6 59. Kf4 Kd5 60. Bh2 Kc4 61. Ke5 Kb3 62. Kf6 Kxa3 63. Kxg6 Kxb4 64. Kf7 a5 65. g6 a4 66. g7 a3 67. g8=Q a2 68. Qg1 Ka3 69. Qa1 b4 70. Bd6 h2 71.
Bxh2 b3 72. Bd6+ Ka4 73. Qb2 a1=Q 74. Qxa1+ Kb5 75. Qb2 Kc4 76. Ba3 Kd5 77. Qxb3+ Ke4 78. Bb4 Kd4 79. Ke7 Ke4 80. Qe6+ Kd4 81. Ba5 Kd3 82. Kd6 Kd4 83. Qe5+ Kd3 84. Bd8 Kc4 85. Qd5+ Kb4 86. Kc6 Ka4 87. Kc5 Ka3 88. Qc4 Kb2 89. Kd4 Ka3 90. Qb5 Ka2 91. Kc3 Ka1 92. Qb2# 1-0

[Event "Early-Titled-Tuesday-Blitz-May-07-2024"]
[Site "Chess.com"]
[Date "2024.05.07"]
[Round "11"]
[White "Anton_Demchenko"]
[Black "jefferyx"]
[Result "0-1"]
[WhiteElo "2918"]
[BlackElo "3118"]
[TimeControl "180+1"]
[EndTime "10:15:28 PDT"]
[Termination "jefferyx won on time"]

1. e4 c5 2. Nc3 Nc6 3. Bb5 Nd4 4. a4 e6 5. Nge2 Ne7 6. d3 a6 7. Bc4 d5 8. Ba2 Nxe2 9. Qxe2 d4 10. Nb1 Bd7 11. Bb3 Nc6 12. Bd2 Na5 13. Bxa5 Qxa5+ 14. Nd2 Bd6 15. e5 Be7 16. O-O O-O 17. Nc4 Qc7 18. a5 Rad8 19. f4 Bc6 20. Nb6 Kh8 21.
Rae1 Qb8 22. Qg4 g6 23. Qh3 Rde8 24. g4 Bd8 25. Nc4 Bc7 26. Qh4 Bd8 27. Qh6 Bc7 28. Re2 Qd8 29. g5 Qd5 30. Re4 Qd8 31. Re2 Rg8 32. Kf2 Bxa5 33. Nd6 Re7 34. Ne4 Bxe4 35. Rxe4 b5 36. Kg2 Rc7 37. Rf3 Rg7 38. Re2 c4 39.
Ba2 cxd3 40. Rxd3 Qa8+ 41. Kg1 Bb6 42. Qh3 Rg8 43. Qg2 Qc8 44. h4 Qd7 45. Bb1 a5 46. h5 gxh5 47. Qh3 a4 48. Qxh5 b4 49. Rh2 Rg7 50.
Kf1 Kg8 51. c3 bxc3 52. bxc3 Qb5 53. Bc2 Rxc3 54. Qf3 Bd8 55. Qe4 a3 56. Kg1 Rxc2 57. Rxc2 Qb1+ 0-1

[Event "Early-Titled-Tuesday-Blitz-May-07-2024"]
[Site "Chess.com"]
[Date "2024.05.07"]
[Round "11"]
[White "Happy1712Drummer"]
[Black "sterpfi"]
[Result "1/2-1/2"]
[WhiteElo "2507"]
[BlackElo "2335"]
[TimeControl "180+1"]
[EndTime "10:15:29 PDT"]
[Termination "Game drawn by repetition"]

1. e4 e6 2. d4 d5 3. e5 c5 4. c3 Qb6 5. Nf3 Nc6 6. Be2 cxd4 7. cxd4 Nh6 8. Bxh6 Qxb2 9. Nbd2 gxh6 10. O-O Nxd4 11. Rb1 Nxe2+ 12. Qxe2 Qa3 13. Nd4 a6 14. Rfc1 Qe7 15.
Rc3 Qd8 16. N2b3 Rg8 17. Rbc1 Bd7 18. Nc5 Bxc5 19. Rxc5 Rc8 20. Rxc8 Bxc8 21. Qh5 Bd7 22. h4 Qb6 23. Nb3 Qb4 24. Qxh6 Qg4 25. g3 Qf3 26. Nd2 Rxg3+ 27. fxg3 Qxg3+ 28. Kf1 Bb5+ 29. Nc4 Bxc4+ 30. Rxc4 dxc4 31. Qxh7 Qd3+ 32. Qxd3 cxd3 33. Ke1 Kf8 34. Kd2 Kg7 35. Kxd3 Kh6 36. Kc4 Kh5 37. Kc5 Kxh4 38.
Kb6 Kg5 39. Kxb7 Kf5 40. Kxa6 Kxe5 41. Kb6 f5 42. a4 f4 43. a5 f3 44. a6 f2 45. a7 f1=Q 46. a8=Q Qb1+ 47. Kc7 Qc2+ 48.
Kd8 Qd3+ 49. Ke8 Qb5+ 50. Ke7 Qb4+ 51. Kf7 Qf4+ 52. Ke8 Qe4 53. Qa5+ Kf4 54. Qh5 e5 55. Qh4+ Ke3 56. Qe1+ Kd4 57. Qb4+ Kd5 58. Qb7+ Kd4 59. Qb4+ Kd3 60. Qb1+ Ke3 61. Qe1+ Kf3 62. Qh1+ Kf4 63. Qh4+ Ke3 64. Qe1+ 1/2-1/2